 Dungeon Crawl Stone Soup version 0.20.1-1-g8b1a95d (webtiles) character file.

86 wnhky the Skirmisher (level 4, -6/41 HPs)
             Began as a Minotaur Fighter on Sept 10, 2017.
             Was an Initiate of Okawaru.
             Killed from afar by an orc wizard (7 damage)
             ... with a puff of frost
             ... on level 3 of the Dungeon.
             The game lasted 00:04:02 (1910 turns).

wnhky the Skirmisher (Minotaur Fighter)             Turns: 1910, Time: 00:04:02

Health: -6/41      AC: 11    Str: 21    XL:     4   Next: 27%
Magic:  3/3        EV:  4    Int:  5    God:    Okawaru [......]
Gold:   57         SH:  9    Dex: 10    Spells: 3/3 levels left

rFire    . . .     SeeInvis .   a - +0 long sword
rCold    . . .     Gourm    .   c - +0 shield
rNeg     . . .     Faith    .   k - +0 plate armour
rPois    .         Spirit   .   (helmet restricted)
rElec    .         Reflect  .   (no cloak)
rCorr    .         Harm     .   (no gloves)
MR       .....                  (no boots)
Stlth    ..........             (no amulet)
Regen    0.2/turn               i - ring of loudness (curse)
MPRegen  0.1/turn               (no ring)

@: no status effects
A: retaliatory headbutt, horns 2
a: Renounce Religion


You were on level 3 of the Dungeon.
You worshipped Okawaru.
Okawaru was noncommittal.
You were not hungry.

You visited 1 branch of the dungeon, and saw 3 of its levels.

You collected 57 gold pieces.

Inventory:

Hand Weapons
 a - a +0 long sword (weapon)
Armour
 c - a +0 shield (worn)
 k - a +0 plate armour (worn)
Jewellery
 i - a cursed ring of loudness (left hand)
Scrolls
 b - a scroll of random uselessness {unknown}
 e - a scroll of magic mapping
 h - 3 scrolls of teleportation {unknown}
 l - 3 scrolls of identify {unknown}
 m - 2 scrolls of remove curse {unknown}
 o - a scroll of amnesia {unknown}
 p - a scroll of fear {unknown}
 q - 2 scrolls of fog {unknown}
 t - a scroll of enchant armour {unknown}
Potions
 d - 2 potions of might
 g - a potion of invisibility {unknown}
 j - a potion of haste {unknown}
Comestibles
 f - 2 bread rations
 n - a meat ration
 r - a royal jelly
 s - 4 fruits


   Skills:
 * Level 4.6 Fighting
 * Level 3.8 Long Blades
 * Level 4.1 Armour
 + Level 4.1 Shields
 + Level 0.2 Invocations


You had 3 spell levels left.
You didn't know any spells.

Dungeon Overview and Level Annotations

Branches:
Dungeon (3/15)

Altars:
Hepliaklqana
Okawaru


Innate Abilities, Weirdness & Mutations

You reflexively headbutt those who attack you in melee.
You have a pair of horns on your head.


Message History

You kill the hobgoblin!
Okawaru accepts your kill. You block the orc's attack.
An orc comes into view. It is wielding a short sword.
The orc shouts!
You slash the orc!
You kill the orc!
Okawaru accepts your kill.
The orc priest calls down the wrath of Beogh upon you.
Pain shoots through your body! The orc hits you but does no damage.
The orc priest mumbles some strange prayers to Beogh against you.
Beogh smites you!
* * * LOW HITPOINT WARNING * * *
An orc comes into view.
You slash the orc!
You kill the orc!
Okawaru accepts your kill.
The orc wizard points at you and mumbles some strange words.
The puff of frost hits you!
You die...

#! #.. ..## ...#
...#### ....... .
#####†..####
...$#####o..o.o.....
.......@).oo........
......###o....?.....
..... #####.).....
.... ...#### #..
...# #. ...# # #.##


You could see an orc priest, an orc wizard and 4 orcs.

Vanquished Creatures
  2 adders (D:2)
  An ooze (D:1)
  A leopard gecko (D:2)
  6 orcs
  5 bats
  6 giant cockroaches
  4 goblins
  4 hobgoblins
  4 jackals (D:2)
  A ball python (D:1)
  6 frilled lizards
  9 kobolds
  3 rats
52 creatures vanquished.

Notes
Turn   | Place    | Note
-------+----------+-------------------------------------------
     0 | D:1      | wnhky the Minotaur Fighter began the quest for the Orb.
     0 | D:1      | Reached XP level 1. HP: 19/19 MP: 0/0
   173 | D:1      | Reached XP level 2. HP: 22/27 MP: 1/1
   997 | D:2      | Reached XP level 3. HP: 33/33 MP: 2/2
  1033 | D:2      | Found an iron altar of Okawaru.
  1208 | D:2      | Found a hazy altar of Hepliaklqana.
  1500 | D:2      | Found an iron altar of Okawaru.
  1522 | D:2      | Became a worshipper of Warmaster Okawaru
  1719 | D:2      | Reached XP level 4. HP: 41/41 MP: 3/3
  1909 | D:3      | HP: 1/41 [orc priest/divine providence (12)]
  1910 | D:3      | Killed from afar by an orc wizard

Skill      XL: |  1  2  3 |
---------------+----------+-----
Long Blades    | 3 |  3.8
Fighting       | 4 |  4.6
Shields        | 4 |  4.1
Armour         | 4 |  4.1
Invocations    | |  0.2

Action                   |  1- 3 |  4- 6 || total
-------------------------+-------+-------++-------
Melee: Long sword        |    91 |    28 ||   119
       Headbutt          |    16 |     2 ||    18
  Use: Scroll            |     1 |       ||     1
  Eat: Chunk             |     3 |       ||     3
Armor: Scale mail        |     6 |       ||     6
       Plate armour      |    57 |    23 ||    80
Dodge: Dodged            |    12 |    11 ||    23
Block: Shield            |    47 |    36 ||    83
       Rpst.: Long sword |     4 |     5 ||     9
